 Dungeon Crawl Stone Soup version 0.29.1-15-g9cfb28693d (webtiles) character file.

Game seed: 5470500755392169544

294 Gabide the Shooter (level 6, -2/37 HPs)
             Began as a Deep Elf Hunter on Apr 4, 2023.
             Slain by an iguana (7 damage)
             ... on level 6 of the Dungeon.
             The game lasted 00:09:24 (2562 turns).

Gabide the Shooter (Deep Elf Hunter)                Turns: 2562, Time: 00:09:25

Health: -2/37      AC:  5    Str:  8    XL:     6   Next: 11%
Magic:  8/8        EV: 14    Int: 14    God:
Gold:   62         SH:  0    Dex: 20    Spells: 5/5 levels left

rFire   . . .      SeeInvis .   a - +2 shortbow
rCold   . . .      Faith    .   (shield currently unavailable)
rNeg    . . .      Spirit   .   c - +0 leather armour
rPois   .          Reflect  .   j - +0 helmet
rElec   .          Harm     .   (no cloak)
rCorr   .          Rampage  .   l - +0 pair of gloves
Will    .....                   (no boots)
Stlth   ++........              g - amulet of regeneration
HPRegen 0.92/turn               (no ring)
MPRegen 0.11/turn               (no ring)

@: about to teleport
A: no striking features
a: no special abilities


You were on level 6 of the Dungeon.
You visited 2 branches of the dungeon, and saw 7 of its levels.

You collected 188 gold pieces.
You spent 126 gold pieces at shops.

Inventory:

Hand Weapons
 a - a +2 shortbow (weapon)
Armour
 c - a +0 leather armour (worn)
 j - a +0 helmet (worn)
 l - a +0 pair of gloves (worn)
Jewellery
 g - an amulet of regeneration (around neck)
Scrolls
 b - a scroll of immolation
 f - 2 scrolls of amnesia
 m - a scroll of butterflies {unknown}
Potions
 d - a potion of berserk rage {unknown}
 e - 2 potions of flight
 i - a potion of might
 k - a potion of invisibility {unknown}


   Skills:
 + Level 3.0 Fighting
 * Level 7.9 Ranged Weapons
 + Level 4.3 Dodging
 - Level 1.2 Stealth


You had 5 spell levels left.
You didn't know any spells.
Your spell library contained the following spells:

 Spells                   Type           Power      Damage    Failure   Level
 Blade Hands              Tmut           0%         N/A       100%        5
 Irradiate                Conj/Tmut      0%         3d11      100%        5
 Dragon Form              Tmut           0%         N/A       100%        7


Dungeon Overview and Level Annotations

Branches:
Dungeon (7/15)             Temple (1/1) D:4

Altars:
Ashenzari
Dithmenos
Elyvilon
Fedhas
Gozag
Hepliaklqana
Nemelex Xobeh
Okawaru
Qazlal
Ru
Sif Muna
Trog
Uskayaw
Vehumet
Xom
Yredelemnul
Zin
The Shining One

Shops:
D:4 [(=*

Annotations:
D:7 Dowan


Message History

You are too injured to fight recklessly!
You are too injured to fight recklessly!
You are too injured to fight recklessly!
You are too injured to fight recklessly!
You are too injured to fight recklessly!
You are too injured to fight recklessly!
You are too injured to fight recklessly!
You are too injured to fight recklessly!
You are too injured to fight recklessly!
You are too injured to fight recklessly!
You are too injured to fight recklessly!
You are too injured to fight recklessly!
You are too injured to fight recklessly!
You are too injured to fight recklessly!
You are too injured to fight recklessly!
You are too injured to fight recklessly!
You are too injured to fight recklessly!
You are too injured to fight recklessly!
Fire: a) +2 shortbow
Press: ? - help, Q - select action Shift-Dir - straight line, f/p - iguana
Aim: an iguana (severely wounded, 71% to hit)
You shoot an arrow. The arrow completely misses the iguana.
The kobold brigand misses you. The iguana barely misses you.
Unknown command.
Fire: a) +2 shortbow
Press: ? - help, Q - select action Shift-Dir - straight line, f/p - iguana
Aim: an iguana (severely wounded, 71% to hit)
You shoot an arrow. The arrow closely misses the iguana.
The kobold closely misses you. The iguana bites you.
The kobold brigand hits you with a +0 short sword!
* * * LOW HITPOINT WARNING * * *
A kobold comes into view. It is wielding a +0 short sword.
The kobold completely misses you.
Okay, then.
Unknown command.
As you read the scroll of teleportation, it crumbles to dust.
You feel strangely unstable.
The kobold brigand hits you but does no damage.
The iguana bites you!
You die...

#. #. #. #K #.
#. #####K#####
#.$...K@..#
#.....KKl.#
#.............
##########.###
.# #


You could see a kobold brigand, an iguana and 3 kobolds.

Vanquished Creatures
  Duvessa (D:7)
  A necrophage (D:3)
  A hound (D:4)
  Robin (D:3)
  An adder (D:3)
  2 orcs (D:4)
  10 endoplasms
  4 giant cockroaches
  14 goblins
  14 hobgoblins
  3 quokkas
  8 ball pythons
  3 bats
  5 frilled lizards
  4 kobolds
  7 rats
79 creatures vanquished.

Notes
Turn   | Place    | Note
-------+----------+-------------------------------------------
     0 | D:1      | Gabide the Deep Elf Hunter began the quest for the Orb.
     0 | D:1      | Reached XP level 1. HP: 12/12 MP: 3/3
   221 | D:1      | Reached XP level 2. HP: 17/17 MP: 4/4
   484 | D:1      | Found a faded altar of an unknown god.
   618 | D:1      | Reached skill level 6 in Ranged Weapons
   652 | D:1      | Reached XP level 3. HP: 14/21 MP: 5/5
  1134 | D:2      | Found a hazy altar of Hepliaklqana.
  1470 | D:3      | Found a stormy altar of Qazlal.
  1494 | D:3      | Noticed a necrophage
  1503 | D:3      | Killed a necrophage
  1504 | D:3      | Reached XP level 4. HP: 23/27 MP: 6/6
  1590 | D:3      | Found a bloodstained altar of Trog.
  1726 | D:3      | Reached skill level 7 in Ranged Weapons
  1882 | D:3      | Noticed Robin
  1901 | D:3      | Killed Robin
  1902 | D:3      | Reached XP level 5. HP: 31/31 MP: 7/7
  2099 | D:4      | Found Kybewyt's Antique Weapon Emporium.
  2101 | D:4      | Found Loisiunt's Antique Armour Emporium.
  2101 | D:4      | Found Vafupi's General Store.
  2104 | D:4      | Found Oludgh's Jewellery Emporium.
  2221 | D:4      | Bought a pair of gloves for 126 gold pieces
  2313 | D:4      | Found a blossoming altar of Fedhas.
  2313 | D:4      | Found a broken altar of Ashenzari.
  2391 | D:4      | Found a staircase to the Ecumenical Temple.
  2469 | Temple   | Entered the Ecumenical Temple
  2517 | D:4      | You fall into a shaft and drop 3 floors!
  2517 | D:7      | Found a radiant altar of Vehumet.
  2518 | D:7      | Noticed Duvessa
  2519 | D:7      | Noticed Dowan
  2526 | D:7      | Killed Duvessa
  2527 | D:7      | Reached XP level 6. HP: 28/37 MP: 8/8
  2562 | D:6      | Slain by an iguana

Illustrated notes

Levels and vault maps discovered:
D:1:      minmay_arrival_wavy_path, layout_loops_ring,
          chequers_ecumenical_altar_island, chequers_serial_rivers_micro_a
D:2:      layout_loops_ring, basic_altar
D:3:      layout_rooms, lemuel_coloured_pillars_altar,
          mainiacjoe_overflow_six_doors_small, uniq_robin
D:4:      layout_loops_cross, amethyst_overflow_temple_binary,
          minmay_temple_entry_nine_rooms, grunt_decor_fettered,
          minmay_shop_grid_forest, uniq_natasha, uniq_menkaure
D:6:      layout_rooms, chequers_temple_overflow_statue_of_worship,
          lightli_sewer_entry_pipes, glass_columns_a, uniq_sigmund
D:7:      layout_basic, nicolae_vehumet_radiance, serial_shops, kennysheep_mini,
          nicolae_shop_vocational, uniq_maggie, uniq_duvessa
Temple:   nicolae_temple_no_exploring_needed

Skill      XL: |  1  2  3  4  5 |
---------------+----------------+-----
Ranged Weapons | 6 7 |  7.9
Fighting       | 2 3 |  3.0
Dodging        | 3 4 |  4.3
Stealth        | |  1.2

Action                   |  1- 3 |  4- 6 || total
-------------------------+-------+-------++-------
 Fire: Shortbow          |   106 |   105 ||   211
  Use: Scroll            |     3 |    10 ||    13
Armor: Leather armour    |     6 |     6 ||    12
Dodge: Dodged            |    23 |    46 ||    69
